 Dungeon Crawl Stone Soup version 0.30-a0-222-ge547ba4400 (webtiles) character file.

Game seed: 3108444663404039588

72 Aibolit the Ducker (level 4, -1/38 HPs)
             Began as a Minotaur Gladiator on Oct 8, 2022.
             Slain by Crazy Yiuf
             ... wielding a +4 quarterstaff of chaos
              (14 damage)
             ... on level 2 of the Dungeon.
             The game lasted 00:02:31 (1658 turns).

Aibolit the Ducker (Minotaur Gladiator)             Turns: 1658, Time: 00:02:31

Health: -1/38      AC:  3    Str: 21    XL:     4   Next: 7%
Magic:  3/3        EV: 11    Int:  5    God:
Gold:   137        SH:  7    Dex: 11    Spells: 3/3 levels left

rFire   . . .      SeeInvis .    a - +0 trident
rCold   + . .      Faith    +    r - +0 kite shield
rNeg    . . .      Spirit   .    b - +0 leather armour
rPois   .          Reflect  .    c - +0 hat
rElec   .          Harm     .    (no cloak)
rCorr   .          Rampage  .    (no gloves)
Will    .....                    (no boots)
Stlth   +.........               f - amulet of faith
HPRegen 0.26/turn                p - ring of protection from cold
MPRegen 0.08/turn                (no ring)

@: no status effects
A: horns 2, retaliatory headbutt
a: no special abilities


You were on level 2 of the Dungeon.
You visited 1 branch of the dungeon, and saw 2 of its levels.

You collected 137 gold pieces.

Inventory:

Hand Weapons
 a - a +0 trident (weapon)
Missiles
 d - 3 throwing nets (quivered)
 e - a javelin
Armour
 b - a +0 leather armour (worn)
 c - a +0 hat (worn)
 r - a +0 kite shield (worn)
Jewellery
 f - an amulet of faith (around neck)
 p - a ring of protection from cold (left hand)
 s - the ring of Paitu {Int+6 Dex+2}
   (You found it on level 2 of the Dungeon)

   [ring of intelligence]

   Int:       It affects your intelligence (+6).
   Dex:       It affects your dexterity (+2).
Scrolls
 h - a scroll of enchant armour {unknown}
 i - 2 scrolls of vulnerability
 j - 2 scrolls of fear
 k - a scroll of identify
 n - a scroll of magic mapping {unknown}
 o - a scroll of teleportation {unknown}
 q - a scroll of brand weapon {unknown}
Potions
 g - 2 potions of lignification
 l - a potion of heal wounds {unknown}
 m - 2 potions of haste {unknown}
 t - a potion of mutation {unknown}
 u - a potion of resistance {unknown}
 v - a potion of brilliance {unknown}


   Skills:
 + Level 3.0 Fighting
 - Level 4.0 Polearms
 - Level 2.0 Throwing
 * Level 1.8 Armour
 + Level 4.1 Dodging
 * Level 1.5 Shields


You had 3 spell levels left.
You didn't know any spells.
Your spell library was empty.

Dungeon Overview and Level Annotations

Branches:
Dungeon (2/15)

Altars:

Annotations:
D:2 Crazy Yiuf


Innate Abilities, Weirdness & Mutations

You have a pair of horns on your head.
You reflexively headbutt those who attack you in melee.


Message History

You closely miss the adder.
The adder is severely wounded.
You feel sick. The adder barely misses you.
You puncture the adder!
You kill the adder!
You feel sick.
Your Fighting skill increases to level 3!
You have reached level 4!
You feel stronger.
You start resting.
You feel sick.
You are no longer poisoned.
You start resting.
HP restored.
No target in view!
You see here a +0 falchion.
Crazy Yiuf shouts!
As you read the scroll labelled CIALUR BOESA, it crumbles to dust.
It is a scroll of identify.
i - 2 scrolls of vulnerability
As you read the scroll of identify, it crumbles to dust.
j - 2 scrolls of fear
As you read the scroll of identify, it crumbles to dust.
g - 2 potions of lignification Crazy Yiuf yells, "Cake!
You tortoise snail."
As you open the door, it creaks loudly!
Crazy Yiuf flaps his cloak.
You closely miss Crazy Yiuf.
Crazy Yiuf yells, "Seed!
Island meccalolo seventy."
Crazy Yiuf hits you with a +4 quarterstaff of chaos!
You barely miss Crazy Yiuf. Crazy Yiuf barely misses you.
You closely miss Crazy Yiuf. Your headbutt misses Crazy Yiuf.
You block Crazy Yiuf's attack.
You puncture Crazy Yiuf! You headbutt Crazy Yiuf.
Crazy Yiuf is severely wounded.
Crazy Yiuf barely misses you.
Crazy Yiuf hits you with a +4 quarterstaff of chaos!
You hit Crazy Yiuf.
Crazy Yiuf is almost dead.
Crazy Yiuf hits you with a +4 quarterstaff of chaos!
You die...

.###...##..♣.♣♣..##..#
###....##........###.######
#.....##....<...# #......#
#.....########### ######.#
###....# #.## .###..## #..#
..###.#### ### #####.#
...##..#.# #)..### ##.....#
.......#.#
#...g@####......#
###......#
#...##..#......## ########
### ###.#....## ########


You could see Crazy Yiuf.

Vanquished Creatures
  3 adders (D:2)
  2 worms (D:2)
  A dart slug (D:2)
  3 ball pythons
  5 endoplasms
  A goblin (D:2)
  6 hobgoblins
  4 jackals (D:2)
  2 bats (D:1)
  2 frilled lizards
  A kobold (D:2)
  7 rats
37 creatures vanquished.

Notes
Turn   | Place    | Note
-------+----------+-------------------------------------------
     0 | D:1      | Aibolit the Minotaur Gladiator began the quest for the Orb.
     0 | D:1      | Reached XP level 1. HP: 18/18 MP: 0/0
   139 | D:1      | Reached XP level 2. HP: 25/25 MP: 1/1
   218 | D:1      | Found a faded altar of an unknown god.
   916 | D:2      | Reached skill level 1 in Armour
   941 | D:2      | Identified the ring of Paitu {Int+6 Dex+2}
  1014 | D:2      | Reached XP level 3. HP: 30/30 MP: 2/2
  1097 | D:2      | Reached skill level 1 in Shields
  1273 | D:2      | Found a runed translucent door.
  1274 | D:2      | Noticed Crazy Yiuf
  1467 | D:2      | Reached XP level 4. HP: 14/38 MP: 3/3
  1658 | D:2      | Slain by Crazy Yiuf

Illustrated notes

Levels and vault maps discovered:
D:1:      wander_arrival_chamber, layout_loops_ring,
          shapermc_ecumenical_altar_mp_highgroup, serial_glass, glass_columns_b,
          glass_columns_c, chequers_serial_rivers_micro_c
D:2:      layout_rooms, serial_forest, infiniplex_forest_straight_2,
          infiniplex_forest_end_1, infiniplex_forest_clump_curved,
          infiniplex_forest_3_way, infiniplex_forest_clump_curved,
          infiniplex_forest_clump_diagonal, infiniplex_forest_lined_room_2,
          infiniplex_forest_zigzag_1, infiniplex_forest_end_1,
          infiniplex_forest_straight_4, minivault_19, minmay_cupped,
          uniq_crazy_yiuf_cottage

Skill      XL: |  1  2  3 |
---------------+----------+-----
Polearms       | 4 |  4.0
Armour         | 1 |  1.8
Shields        | 1 |  1.5
Dodging        | 4 |  4.1
Fighting       | 3 |  3.0
Throwing       | |  2.0

Action                   |  1- 3 |  4- 6 || total
-------------------------+-------+-------++-------
Melee: Trident           |    97 |     5 ||   102
       Headbutt          |     9 |     1 ||    10
  Use: Scroll            |       |     3 ||     3
 Stab: Sleeping          |     1 |       ||     1
Armor: Leather armour    |    14 |       ||    14
Dodge: Dodged            |    35 |     2 ||    37
Block: Kite shield       |    15 |     1 ||    16

Table legend: (Time is in decaauts)
 A = Elapsed time spent in this place.
 B = Non-inter-level travel time spent in this place.
 C = Inter-level travel time spent in this place.
 D = Time resting spent in this place.
 E = Time spent auto-exploring this place.
 F = Levels seen in this place.
 G = Mean time per level.
                   A        B        C        D        E       F      G
               +--------+--------+--------+--------+--------+-----+--------+
         Total |   1680 |   1524 |    156 |     92 |   1179 |   2 |  840.0 |
       Dungeon |   1680 |   1524 |    156 |     92 |   1179 |   2 |  840.0 |
               +--------+--------+--------+--------+--------+-----+--------+

Top non-repeatable levels by time:
     D:1: 907 daAuts
     D:2: 773 daAuts
